 Dungeon Crawl Stone Soup version 0.23.1 (webtiles) character file.

Game seed: 11979203914263051876

7392 Borgoz the Covert (level 11, -9/89 HPs)
             Began as a Ghoul Enchanter on Mar 5, 2019.
             Was a Priest of Ashenzari.
             Mangled by a sixfirhy (10 damage)
             ... in a Gauntlet.
             The game lasted 00:24:01 (10297 turns).

Borgoz the Covert (Ghoul Enchanter)                Turns: 10297, Time: 00:24:03

Health: -9/89      AC: 10    Str: 20    XL:     11   Next: 14%
Magic:  18/18      EV: 14    Int: 12    God:    Ashenzari [***...]
Gold:   473        SH:  0    Dex: 10    Spells: 14/20 levels left

rFire    + . .     SeeInvis +   a - +6 dagger
rCold    + + .     Gourm    .   (no shield)
rNeg     + + +     Faith    .   h - +0 leather armour
rPois    ∞         Spirit   .   i - +0 helmet of the Hot Ocelot {Str+2} (curse)
rElec    .         Reflect  .   H - scarf {rC+ rF+}
rCorr    .         Harm     .   o - +1 pair of gloves (curse)
MR       .....     NoTele   +   (no boots)
Stlth    +++.......             r - amulet of magic regeneration
HPRegen  0.00/turn              A - +3 ring of protection
MPRegen  0.41/turn              (no ring)

@: mighty, rotting
A: rotting body, claws 1, carnivore, cold resistance 1, negative energy
resistance 3, inhibited regeneration, torment resistance, unbreathing
a: Curse Item, Scrying, Renounce Religion


You were in a Gauntlet.
You worshipped Ashenzari.
Ashenzari was most pleased with you.
You were not hungry.

You visited 2 branches of the dungeon, and saw 12 of its levels.
You also visited: Gauntlet.

You collected 473 gold pieces.

Inventory:

Hand Weapons
 a - a +6 dagger (weapon)
 z - a +1 short sword of speed
Missiles
 v - 30 poisoned needles
 x - 4 tomahawks (quivered)
 B - 11 needles of confusion
Armour
 h - a +0 leather armour (worn)
 i - the cursed +0 helmet of the Hot Ocelot (worn) {Str+2}
   (You found it on level 9 of the Dungeon)

   It affects your strength (+2).
   It has a curse placed upon it.
 o - a cursed +1 pair of gloves (worn)
 E - a +2 ring mail of cold resistance
 H - a scarf of resistance (worn)
Jewellery
 f - a cursed ring of protection from cold
 r - an amulet of magic regeneration (around neck)
 A - a +3 ring of protection (left hand)
Wands
 y - a wand of random effects (28)
Scrolls
 c - 2 scrolls of noise {unknown}
 g - 5 scrolls of magic mapping {unknown}
 j - a scroll of torment {unknown}
 k - a scroll of holy word {unknown}
 m - 5 scrolls of remove curse
 n - 5 scrolls of teleportation {unknown}
 p - 3 scrolls of fog {unknown}
 s - a scroll of random uselessness {unknown}
 t - 3 scrolls of fear {unknown}
 u - 2 scrolls of enchant weapon {unknown}
 w - a scroll of enchant armour {unknown}
 F - a scroll of immolation {unknown}
 G - a scroll of vulnerability {unknown}
Potions
 b - 2 potions of curing
 e - 2 potions of brilliance
 C - a potion of cancellation
 D - a potion of haste
Comestibles
 d - 18 rations
 q - 4 chunks of flesh


   Skills:
 - Level 5.7 Fighting
 + Level 6.2 Short Blades
 + Level 5.9 Armour
 + Level 6.1 Dodging
 + Level 8.6 Stealth
 + Level 5.3 Spellcasting
 + Level 6.0 Hexes


You had 14 spell levels left.
You knew the following spells:

 Your Spells              Type           Power        Failure   Level  Hunger
a - Corona                Hex            ###....      1%          1    None
b - Ensorcelled Hibernat  Hex/Ice        ##....       10%         2    ##.....
c - Confuse               Hex            ###.....     5%          3    ###....

Your spell library contained the following spells:

 Spells                   Type           Power        Failure   Level  Hunger
 Tukima's Dance           Hex            ###.....     5%          3    ###....
 Dazzling Spray           Conj/Hex       ##....       19%         3    ###....
 Animate Skeleton         Necr           N/A          22%         1    None
 Pain                     Necr           #...         22%         1    None
 Regeneration             Chrm/Necr      #.........   54%         3    ###....
 Vampiric Draining        Necr           #.........   54%         3    ###....
 Animate Dead             Necr           N/A          91%         4    ####...


Dungeon Overview and Level Annotations

Branches:
Dungeon (11/15)            Temple (1/1) D:5            Lair (0/6) D:9
    Orc: D:9-12

Altars:
Ashenzari
Dithmenos
Elyvilon
Fedhas
Gozag
Hepliaklqana
Kikubaaqudgha
Makhleb
Nemelex Xobeh
Okawaru
Qazlal
Ru
Sif Muna
Trog
Uskayaw
Vehumet
Wu Jian
Xom
Yredelemnul
Zin
The Shining One

Annotations:
Gauntlet 13 transporters, 2 runed translucent doors, exclusions: ice statue and lightning spire


Innate Abilities, Weirdness & Mutations

Your body is rotting away.
You thrive on raw meat.
You are immune to poison.
You have sharp fingernails.
You are carnivorous and can eat meat at any time.
Your flesh is cold resistant. (rC+)
You are immune to negative energy. (rN+++)
You do not regenerate when monsters are visible.
You are immune to unholy pain and torment.
You can survive without breathing.


Message History

The sixfirhy is heavily wounded.
The ufetubus misses you. The ufetubus closely misses you.
The ufetubus hits you but does no damage.
The ufetubus closely misses you.
You puncture the sixfirhy!
The sixfirhy is severely wounded.
The ufetubus hits you but does no damage.
The ufetubus barely misses you.
The ufetubus hits you but does no damage.
The ufetubus closely misses you.
You hit the sixfirhy.
The sixfirhy is almost dead.
The ufetubus hits you but does no damage.
The ufetubus closely misses you. The ufetubus barely misses you. x2
You closely miss the sixfirhy.
The sixfirhy is severely wounded.
The sixfirhy hits you!
* * * LOW HITPOINT WARNING * * *
The sixfirhy shocks you!
You die...

#.#? ##.#.#.#.P.♣..≈≈#
#.#.......#.#...P...≈#
#.#########.#.♣.PP♣..####
#©#.......#.#.........≈≈#
###..P♣...#.#########..≈#
#...PP.PP.#.#...##..#...##
#...#≈#≈#.#.###...#.#.∩.≈##
#.P.≈≈≈≈≈.#.#.[#.3#.#...≈≈##
..♣P#≈#≈#.#©#©!#@#5.#©.♣≈≈≈#
#...≈≈≈≈≈.#.#.#55#..#...≈≈##
#...#≈#≈#.#.#.#...###.∩.≈##
#...P.P...#.#5.##...#...##
###..P♣...#.#########..≈#
#©#.......#.#.........≈≈#
#.#########.#.♣..P♣..####
#.#GG.....#.#...P...≈#
#.#.#.###.#.#...♣..≈≈#


You could see a sixfirhy and 3 ufetubi.

Vanquished Creatures
  An unseen horror (D:11)
  Pikel (D:6)
  An elephant (D:9)
  Joseph (D:9)
  3 hippogriffs
  2 basilisks (D:9)
  11 yaks
  A soldier ant (D:9)
  2 water moccasins (D:10)
  2 phantoms
  6 ice beasts
  A black bear (D:8)
  3 sky beasts
  A necrophage (D:10)
  5 ogres
  4 centaurs
  A bullfrog (D:9)
  A jelly (D:9)
  A howler monkey (D:8)
  3 crimson imps
  A bullfrog zombie (D:5)
  A bullfrog skeleton (D:8)
  4 orc priests
  A hound (D:4)
  Terence (D:3)
  5 orc wizards
  5 worker ants
  2 hound zombies
  2 hound skeletons
  12 adders
  5 gnolls
  A shadow imp (D:10)
  An adder zombie (D:8)
  4 oozes
  2 adder skeletons (D:4)
  A worm (D:3)
  2 dart slugs
  2 leopard geckos
  17 orcs
  A ball python (D:1)
  5 giant cockroaches
  9 goblins
  5 hobgoblins
  10 jackals
  7 quokkas
  10 bats
  3 frilled lizards
  A giant cockroach zombie (D:6)
  A jackal skeleton (D:9)
  6 kobolds
  A leopard gecko zombie (D:5)
  A quokka skeleton (D:4)
  A quokka zombie (D:5)
  4 rats
185 creatures vanquished.

Vanquished Creatures (others)
  A hound (D:6)
  A hobgoblin (D:6)
  A kobold (D:6)
  A jackal skeleton (D:6)
4 creatures vanquished.

Grand Total: 189 creatures vanquished

Notes
Turn   | Place    | Note
-------+----------+-------------------------------------------
     0 | D:1      | Borgoz the Ghoul Enchanter began the quest for the Orb.
     0 | D:1      | Reached XP level 1. HP: 14/14 MP: 2/2
    37 | D:1      | Reached skill level 1 in Short Blades
   185 | D:1      | Reached XP level 2. HP: 12/20 MP: 3/3
   714 | D:1      | Learned a level 2 spell: Ensorcelled Hibernation
   971 | D:2      | Reached XP level 3. HP: 27/27 MP: 4/4
  1395 | D:2      | Reached skill level 1 in Fighting
  1415 | D:2      | Reached XP level 4. HP: 25/35 MP: 0/6
  2065 | D:3      | Found a shattered altar of Ashenzari.
  2070 | D:3      | Noticed Terence
  2085 | D:3      | Killed Terence
  2085 | D:3      | Reached skill level 1 in Armour
  2099 | D:3      | Became a worshipper of Ashenzari the Shackled
  2336 | D:3      | Found a blossoming altar of Fedhas.
  2347 | D:3      | Found a stormy altar of Qazlal.
  2393 | D:3      | Reached XP level 5. HP: 31/40 MP: 2/7
  2443 | D:3      | Reached skill level 4 in Stealth
  2873 | D:4      | Noticed a phantom
  2981 | D:4      | Reached XP level 6. HP: 36/48 MP: 8/8
  3062 | D:4      | Killed a phantom
  3067 | D:4      | Learned a level 3 spell: Confuse
  3395 | D:5      | Entered Level 5 of the Dungeon
  3511 | D:5      | Reached XP level 7. HP: 56/56 MP: 5/9
  3802 | D:5      | Reached skill level 5 in Stealth
  4137 | D:5      | Found a staircase to the Ecumenical Temple.
  4150 | Temple   | Entered the Ecumenical Temple
  4285 | D:5      | Found an iron altar of Okawaru.
  4311 | D:6      | Reached XP level 8. HP: 63/63 MP: 9/11
  4347 | D:6      | Noticed Pikel
  4361 | D:6      | Killed Pikel
  4417 | D:6      | Reached * piety under Ashenzari
  4699 | D:6      | Reached skill level 6 in Stealth
  4886 | D:6      | Reached XP level 9. HP: 30/71 MP: 6/13
  7056 | D:8      | Reached skill level 5 in Fighting
  7476 | D:8      | Found a shadowy altar of Dithmenos.
  7476 | D:8      | Found a sparkling altar of Nemelex Xobeh.
  7482 | D:8      | Found a glowing golden altar of the Shining One.
  7483 | D:8      | Found a glowing silver altar of Zin.
  7483 | D:8      | Found a white marble altar of Elyvilon.
  7483 | D:8      | Found an ancient bone altar of Kikubaaqudgha.
  7484 | D:8      | Found a burning altar of Makhleb.
  7485 | D:8      | Found a sacrificial altar of Ru.
  7778 | D:9      | Reached skill level 7 in Stealth
  7791 | D:9      | Reached ** piety under Ashenzari
  7800 | D:9      | Noticed Joseph
  7855 | D:9      | Killed Joseph
  7855 | D:9      | Reached skill level 5 in Short Blades
  7855 | D:9      | Reached skill level 5 in Dodging
  7855 | D:9      | Reached XP level 10. HP: 39/81 MP: 3/15
  8167 | D:9      | Reached skill level 5 in Hexes
  8642 | D:9      | Got the uncursed helmet of the Hot Ocelot {Str+2}
  8648 | D:9      | Identified the +0 helmet of the Hot Ocelot {Str+2} (You
                  | found it on level 9 of the Dungeon)
  8688 | D:9      | Noticed an elephant
  8790 | D:9      | Found a staircase to the Lair.
  8816 | D:9      | Killed an elephant
  8816 | D:9      | Reached skill level 5 in Armour
  9325 | D:10     | Entered Level 10 of the Dungeon
  9631 | D:10     | Reached skill level 8 in Stealth
  9975 | D:10     | Reached skill level 5 in Spellcasting
  9997 | D:11     | Reached *** piety under Ashenzari
 10048 | D:11     | Reached XP level 11. HP: 65/89 MP: 7/17
 10070 | D:11     | Found a gate leading to a gauntlet.
 10084 | D:11     | Noticed an unseen horror
 10091 | D:11     | Killed an unseen horror
 10105 | Gauntlet | Entered a Gauntlet
 10105 | Gauntlet | Found a transporter.
 10106 | Gauntlet | Noticed a sixfirhy
 10112 | Gauntlet | Found a transporter.
 10114 | Gauntlet | Found a transporter.
 10123 | Gauntlet | Found a transporter.
 10125 | Gauntlet | Found a transporter.
 10129 | Gauntlet | Found the cursed necklace of Bloodlust {*Rage +Rage MR++
                  | Int-3 Slay+6 *Curse}
 10134 | Gauntlet | Found a transporter.
 10135 | Gauntlet | Identified the amulet "Nylaf" {Gourm Str+6 Int-4}
 10148 | Gauntlet | Noticed a brown ugly thing
 10149 | Gauntlet | Found a runed translucent door.
 10150 | Gauntlet | Found a transporter.
 10151 | Gauntlet | Found a runed translucent door.
 10151 | Gauntlet | Noticed a glowing orange brain
 10160 | Gauntlet | Found a transporter.
 10171 | Gauntlet | Found a transporter.
 10172 | Gauntlet | Identified the ring "Hiwkoff" {*Tele +Inv rN+}
 10173 | Gauntlet | Noticed a green ugly thing
 10180 | Gauntlet | Noticed a sixfirhy
 10181 | Gauntlet | Noticed a sixfirhy
 10182 | Gauntlet | Found a transporter.
 10182 | Gauntlet | Found a transporter.
 10185 | Gauntlet | Noticed a sixfirhy
 10186 | Gauntlet | Noticed a sixfirhy
 10196 | Gauntlet | Found a transporter.
 10246 | Gauntlet | Noticed a great orb of eyes
 10263 | Gauntlet | Found a transporter.
 10263 | Gauntlet | Found a transporter.
 10297 | Gauntlet | HP: 1/89 [sixfirhy (9)]
 10297 | Gauntlet | Mangled by a sixfirhy

Skill      XL: |  1  2  3  4  5  6  7  8  9 10 11 |
---------------+----------------------------------+-----
Short Blades   | 1 2 3 4 5 6 |  6.2
Dodging        | 2 3 4 5 6 |  6.1
Spellcasting   | 2 3 4 5 |  5.3
Fighting       | 1 2 3 4 5 |  5.7
Armour         | 1 2 3 4 5 |  5.9
Stealth        | 4 5 6 7 8 |  8.6
Hexes          | 3 4 5 6 |  6.0

Action                   |  1- 3 |  4- 6 |  7- 9 | 10-12 || total
-------------------------+-------+-------+-------+-------++-------
Melee: Dagger            |   149 |   278 |   275 |   184 ||   886
 Cast: Corona            |     1 |     8 |     4 |       ||    13
       Ensorcelled Hiber |     3 |    19 |    44 |    55 ||   121
       Confuse           |       |       |    15 |     3 ||    18
Invok: Curse Item        |       |     1 |       |     1 ||     2
  Use: Potion            |       |       |     4 |     4 ||     8
       Scroll            |       |       |       |     7 ||     7
 Stab: Sleeping          |     4 |    16 |    25 |    22 ||    67
       Confused          |       |       |     7 |     3 ||    10
       Invisible         |       |       |       |     1 ||     1
  Eat: Chunk             |     7 |    24 |    24 |    35 ||    90
Armor: Robe              |     5 |       |       |       ||     5
       Leather armour    |    34 |    81 |    57 |    75 ||   247
Dodge: Dodged            |    84 |   169 |   141 |   172 ||   566
